 Dungeon Crawl Stone Soup version 0.24-a0-235-g3f03afc (webtiles) character file.

Game seed: 5394709127266035258

1274 Gunnerkreig the Conjurer (level 8, 0/52 HPs)
             Began as an Octopode Wizard on Apr 8, 2019.
             Slain by a sky beast (5 damage)
             ... on level 5 of the Dungeon.
             The game lasted 00:19:29 (6813 turns).

Gunnerkreig the Conjurer (Octopode Wizard)          Turns: 6813, Time: 00:19:29

Health: 0/52       AC:  1    Str:  7    XL:     8   Next: 53%
Magic:  0/14       EV: 14    Int: 22    God:
Gold:   328        SH:  0    Dex: 10    Spells: 4/15 levels left

rFire    . . .     SeeInvis .   s - +2 war axe (venom)
rCold    . . .     Gourm    .   (no shield)
rNeg     . . .     Faith    .   a - +0 hat
rPois    .         Spirit   .   (no amulet)
rElec    .         Reflect  .   d - ring of protection from magic
rCorr    .         Harm     .   k - ring of wizardry
MR       +....                  (no ring)
Stlth    ++........             (no ring)
HPRegen  0.17/turn              (no ring)
MPRegen  0.14/turn              (no ring)
                                (no ring)
                                (no ring)

@: confused
A: almost no armour, stealthy swim, amphibious, 8 rings, constrict 8, camouflage
1, gelatinous body 1
a: no special abilities


You were on level 5 of the Dungeon.
You were hungry.

You visited 1 branch of the dungeon, and saw 5 of its levels.
You also visited: Sewer.

You collected 328 gold pieces.

Inventory:

Hand Weapons
 r - a +1 dagger of holy wrath
 s - a +2 war axe of venom (weapon)
 u - a +0 trident
Missiles
 b - 5 javelins (quivered)
 g - 136 stones
 o - 38 sling bullets
Armour
 a - a +0 hat (worn)
Jewellery
 d - a ring of protection from magic (left tentacle)
 k - a ring of wizardry (right tentacle)
Scrolls
 h - a scroll of blinking {unknown}
 l - 2 scrolls of teleportation
 p - a scroll of magic mapping
 w - 2 scrolls of remove curse
 x - a scroll of fog
Potions
 e - 5 potions of flight
 i - a potion of agility
 j - 2 potions of curing
 m - 4 potions of magic
 n - 2 potions of haste
 q - 2 potions of might {unknown}
Comestibles
 c - 12 rations


   Skills:
 + Level 3.0 Fighting
 + Level 3.8 Dodging
 - Level 5.0 Stealth
 + Level 4.0 Spellcasting
 + Level 6.0 Conjurations
 - Level 2.0 Summonings
 - Level 2.0 Translocations
 + Level 2.1 Fire Magic
 + Level 2.3 Air Magic
 - Level 1.3 Poison Magic


You had 4 spell levels left.
You knew the following spells:

 Your Spells              Type           Power        Failure   Level  Hunger
a - Magic Dart            Conj           ####         1%          1    None
b - Conjure Flame         Conj/Fire      ###.....     2%          3    ##.....
c - Mephitic Cloud        Conj/Pois/Air  ###.....     3%          3    ##.....
d - Call Imp              Summ           ##......     3%          2    #......
e - Blink                 Tloc           N/A          2%          2    #......

Your spell library contained the following spells:

 Spells                   Type           Power        Failure   Level  Hunger
 Slow                     Hex            #.......     7%          2    #......


Dungeon Overview and Level Annotations

Branches:
Dungeon (5/15)
 Temple: D:4-7

Altars:
Cheibriados
Nemelex Xobeh
Okawaru
Wu Jian
Yredelemnul
Zin

Shops:
D:5 (

Annotations:
D:5 2 runed translucent doors, IHAVEBECOMEDEATH's ghost, amateur BaSu


Innate Abilities, Weirdness & Mutations

You cannot wear most types of armour.
You are very stealthy in the water. (Stealth+)
You are amphibious.
You can wear up to eight rings at the same time.
You can use your tentacles to constrict eight enemies at once.
Your skin changes colour to match your surroundings (Stealth+).
Your rubbery body absorbs attacks. (AC +1, EV +1)


Message History

* * * LOW HITPOINT WARNING * * *
Okay, then.
Casting: Magic Dart (safe; 1% risk of failure)
Confirm with . or Enter, or press ? or * to list all spells.
You can't see any susceptible monsters within range! (Use Z to cast anyway.)
Casting: Magic Dart (safe; 1% risk of failure)
Confirm with . or Enter, or press ? or * to list all spells.
Aiming: Mephitic Cloud (safe; 3% risk of failure)
Press: ? - help, Shift-Dir - straight line That beam is likely to hit you.
Continue anyway?
The ball explodes into a vile cloud!
The stinking cloud engulfs something but does no damage.
The stinking cloud engulfs you but does no damage.
The stinking cloud engulfs the adder zombie but does no damage.
You are feeling hungry.
You are engulfed in noxious fumes.
You choke on the stench!
You are confused.
* * * LOW HITPOINT WARNING * * *
Something hits you.
You die...

>........# .## #...# #.
..)......# .# .#...####
#........# #####.##
...#.#...
#........###...#..##
#..#^....
#....[..>.......#..#
#...##...
#..................#
#.#......
#........#.......#.###
###...#
#######.##.......#☼..#
#...# #..##.....@{Z# #
#...# ##.#.......#○..#
.###...#.#
#.........#.#......#.###.#
###.......#.. .........#.#
.### ##.....###..
..........# ... ........
... ..#.....## ..#
######.###............#..
.. #.#.................
.#####
###.#.................


You could see an adder zombie.

Vanquished Creatures
  Sigmund (D:3)
  2 ogres (D:5)
  2 centaurs (D:5)
  Blork the orc (D:5)
  3 big kobolds (Sewer)
  A centaur zombie (D:5)
  2 iguanas
  4 orc wizards
  3 worker ants (D:5)
  3 gnolls (D:2)
  9 adders
  3 oozes
  An adder skeleton (D:4)
  5 worms
  5 dart slugs
  7 leopard geckos
  14 orcs
  8 bats
  4 giant cockroaches
  5 goblins
  9 hobgoblins
  10 kobolds
  A quokka (D:5)
  4 ball pythons
  4 frilled lizards
  A quokka skeleton (D:4)
  13 rats
125 creatures vanquished.

Vanquished Creatures (others)
  5 toadstools (D:1)
5 creatures vanquished.

Grand Total: 130 creatures vanquished

Notes
Turn   | Place    | Note
-------+----------+-------------------------------------------
     0 | D:1      | Gunnerkreig the Octopode Wizard began the quest for the
                  | Orb.
     0 | D:1      | Reached XP level 1. HP: 11/11 MP: 4/4
   143 | D:1      | Reached XP level 2. HP: 14/17 MP: 1/6
   560 | D:1      | Reached skill level 2 in Conjurations
   635 | D:2      | Reached XP level 3. HP: 21/21 MP: 2/7
  1277 | D:2      | Reached XP level 4. HP: 27/27 MP: 3/8
  1692 | D:2      | Found an ornate altar of the Wu Jian Council.
  1706 | D:2      | Reached skill level 5 in Stealth
  1706 | D:2      | Reached skill level 3 in Conjurations
  1854 | D:2      | Reached XP level 5. HP: 19/31 MP: 0/9
  2321 | D:3      | Found a glowing drain.
  2325 | Sewer    | Entered a sewer
  2424 | Sewer    | Reached skill level 4 in Conjurations
  2484 | Sewer    | Noticed a big kobold
  2515 | Sewer    | Killed a big kobold
  2675 | Sewer    | Noticed a big kobold
  2720 | Sewer    | Killed a big kobold
  2720 | Sewer    | Reached skill level 5 in Conjurations
  2720 | Sewer    | Reached XP level 6. HP: 36/36 MP: 2/10
  2725 | Sewer    | Learned a level 3 spell: Conjure Flame
  2729 | Sewer    | Learned a level 3 spell: Mephitic Cloud
  2732 | Sewer    | Learned a level 2 spell: Call Imp
  2735 | Sewer    | Learned a level 2 spell: Blink
  3204 | D:3      | Found a faded altar of an unknown god.
  3301 | D:3      | Reached skill level 1 in Fighting
  3520 | D:3      | Noticed Sigmund
  3552 | D:3      | Reached XP level 7. HP: 7/43 MP: 5/11
  5349 | D:3      | Killed Sigmund
  5460 | D:4      | Found a snail-covered altar of Cheibriados.
  5529 | D:4      | Found a sparkling altar of Nemelex Xobeh.
  5832 | D:4      | Reached skill level 6 in Conjurations
  5966 | D:5      | Entered Level 5 of the Dungeon
  5966 | D:5      | Found an iron altar of Okawaru.
  6055 | D:5      | Reached skill level 1 in Fire Magic
  6055 | D:5      | Reached skill level 1 in Air Magic
  6055 | D:5      | Reached skill level 1 in Poison Magic
  6116 | D:5      | Found Engyompu's Weapon Emporium.
  6130 | D:5      | Reached XP level 8. HP: 38/50 MP: 4/14
  6202 | D:5      | Found a large runed translucent door.
  6203 | D:5      | Found a large runed translucent door.
  6204 | D:5      | Noticed IHAVEBECOMEDEATH's ghost (amateur BaSu)
  6367 | D:5      | Found a glowing silver altar of Zin.
  6741 | D:5      | Found a basalt altar of Yredelemnul.
  6786 | D:5      | Noticed Blork the orc
  6789 | D:5      | Killed Blork the orc
  6813 | D:5      | Slain by a sky beast

Levels and vault maps discovered:
D:1:      ldierk_walled_garden, layout_rooms
D:2:      layout_rooms, nicolae_overflow_hidden_temple, serial_bayou_crossing
D:3:      layout_basic, chequers_ecumenical_altar_lobes, gup_sewer_entry_bowl,
          first_ration, uniq_sigmund
D:4:      layout_loops_ring, old_standard_altar, nemelex_spade_bored_becter
D:5:      layout_rooms, overflow_temple_1_default, zin_scriptorium,
          ebering_ghost_disaster_area, serial_shops, shop_fountains,
          basic_altar, yredelemnul_altar_generic, uniq_blork_the_orc
Sewer:    sewer_co_15_rooms

Skill      XL: |  1  2  3  4  5  6  7  8 |
---------------+-------------------------+-----
Stealth        | 3 4 5 |  5.0
Conjurations   | 2 3 5 6 |  6.0
Fighting       | 1 2 3 |  3.0
Dodging        | 3 |  3.8
Fire Magic     | 1 2 |  2.1
Air Magic      | 1 2 |  2.3
Poison Magic   | 1 |  1.3
Spellcasting   | 4 |  4.0
Summonings     | 2 |  2.0
Translocations | 2 |  2.0

Action                   |  1- 3 |  4- 6 |  7- 9 || total
-------------------------+-------+-------+-------++-------
Melee: Unarmed           |    17 |       |       ||    17
       Constrict         |     7 |     6 |    15 ||    28
       Tentacles         |     4 |     1 |    12 ||    17
       Spear             |    20 |    52 |    22 ||    94
       War axe           |       |       |    47 ||    47
Throw: Javelin           |       |     3 |     3 ||     6
 Cast: Magic Dart        |    56 |   131 |    90 ||   277
       Mephitic Cloud    |       |     2 |     9 ||    11
       Conjure Flame     |       |     1 |     6 ||     7
  Use: Scroll            |       |     9 |     4 ||    13
       Potion            |       |     1 |     3 ||     4
 Stab: Sleeping          |     1 |       |     1 ||     2
       Confused          |       |       |     1 ||     1
  Eat: Chunk             |     1 |     7 |    11 ||    19
Armor: Skin              |     3 |       |     5 ||     8
Dodge: Dodged            |    23 |    14 |    63 ||   100

Table legend:
 A = Non-vault XP
 B = Vault XP
 C = Vault XP percentage of total XP
 D = Non-vault monster count
 E = Vault monster count
 F = Vault count percentage of total count
                 A         B        C        D         E       F
            +---------+---------+-------+---------+---------+-------
      Total |    1165 |     656 |  36.0 |     103 |      22 |  17.6
            +---------+---------+-------+---------+---------+-------
        D:1 |      30 |       0 |   0.0 |      17 |       0 |   0.0
        D:2 |     140 |       0 |   0.0 |      25 |       0 |   0.0
        D:3 |     160 |     216 |  57.4 |      30 |       3 |   9.1
        D:4 |     119 |       0 |   0.0 |      13 |       0 |   0.0
        D:5 |     716 |      94 |  11.6 |      18 |       1 |   5.3
      Sewer |       0 |     346 | 100.0 |       0 |      18 | 100.0
            +---------+---------+-------+---------+---------+-------
